 Dungeon Crawl Stone Soup version 0.24.0-123-gd5b16e6ec5 (webtiles) character file.

Game seed: 16798941771656912266, levelgen mode: deterministic

711 Peloso the Shield-Bearer (level 7, -3/61 HPs)
             Began as a Minotaur Fighter on Dec 28, 2019.
             Was a Follower of Okawaru.
             Slain by a killer bee (5 damage)
             ... on level 5 of the Dungeon.
             The game lasted 00:07:43 (3433 turns).

Peloso the Shield-Bearer (Minotaur Fighter)         Turns: 3433, Time: 00:07:43

Health: -3/61      AC: 13    Str: 23    XL:     7   Next: 40%
Magic:  6/6        EV:  5    Int:  5    God:    Okawaru [*.....]
Gold:   384        SH: 11    Dex: 11    Spells: 6/6 levels left

rFire    . . .     SeeInvis .   a - +0 long sword
rCold    + . .     Gourm    .   c - +0 shield
rNeg     . . .     Faith    .   g - +0 plate armour
rPois    .         Spirit   .   (helmet restricted)
rElec    .         Reflect  .   (no cloak)
rCorr    +         Harm     .   p - +0 pair of gloves
MR       +....                  (no boots)
Stlth    ..........             (no amulet)
HPRegen  0.20/turn              i - ring of resist corrosion
MPRegen  0.10/turn              q - ring of protection from magic

@: lethally poisoned (-3 -> -7)
A: retaliatory headbutt, horns 2, cold resistance 1, strong 1, wild magic 1
a: Heroism, Renounce Religion


You were on level 5 of the Dungeon.
You worshipped Okawaru.
Okawaru was aware of your devotion.
You were hungry.

You visited 2 branches of the dungeon, and saw 6 of its levels.

You collected 384 gold pieces.

Inventory:

Hand Weapons
 a - a +0 long sword (weapon)
Armour
 b - a +0 scale mail
 c - a +0 shield (worn)
 g - a +0 plate armour (worn)
 p - a +0 pair of gloves (worn)
Jewellery
 i - a ring of resist corrosion (left hand)
 q - a ring of protection from magic (right hand)
Scrolls
 e - a scroll of random uselessness {unknown}
 j - a scroll of immolation {unknown}
 k - 2 scrolls of fear {unknown}
 l - 2 scrolls of identify {unknown}
 m - 2 scrolls of remove curse {unknown}
 o - a scroll of blinking {unknown}
 s - a scroll of enchant armour {unknown}
 t - 2 scrolls of fog {unknown}
 v - 3 scrolls of amnesia {unknown}
 y - a scroll of enchant weapon {unknown}
Potions
 d - a potion of might
 h - a potion of invisibility
 n - a potion of flight {unknown}
 r - a potion of curing
 u - 2 potions of heal wounds
 x - a potion of mutation
 z - 2 potions of berserk rage {unknown}
Comestibles
 f - 9 rations


   Skills:
 + Level 5.3 Fighting
 + Level 5.7 Long Blades
 + Level 5.8 Armour
 + Level 0.6 Dodging
 + Level 6.7 Shields


You had 6 spell levels left.
You didn't know any spells.
Your spell library contained the following spells:

 Spells                   Type           Power        Failure   Level  Hunger
 Animate Skeleton         Necr           N/A          100%        1    ##.....
 Pain                     Necr           #...         100%        1    ##.....
 Regeneration             Chrm/Necr      #.........   100%        3    ####...
 Vampiric Draining        Necr           #.........   100%        3    ####...
 Animate Dead             Necr           N/A          100%        4    #####..


Dungeon Overview and Level Annotations

Branches:
Dungeon (5/15)             Temple (1/1) D:4

Altars:
Ashenzari
Cheibriados
Dithmenos
Elyvilon
Fedhas
Hepliaklqana
Kikubaaqudgha
Makhleb
Nemelex Xobeh
Okawaru
Qazlal
Sif Muna
Trog
Uskayaw
Vehumet
Wu Jian
Yredelemnul
The Shining One
Beogh


Innate Abilities, Weirdness & Mutations

You reflexively headbutt those who attack you in melee.
You have a pair of horns on your head.
Your flesh is cold resistant. (rC+)
Your muscles are strong. (Str +2)
Your spells are a little harder to cast, but a little more powerful.


Message History

You hit the killer bee but do no damage.
Your headbutt misses the killer bee.
The killer bee is heavily wounded.
You feel sick. You block the killer bee's attack.
The killer bee barely misses you. You block the killer bee's attack.
You slash the killer bee!
You kill the killer bee!
Okawaru accepts your kill.
You feel sick. The killer bee stings you!
* * * LOW HITPOINT WARNING * * *
Unknown command.
You barely miss the killer bee.
You feel sick. You block the killer bee's attack. The killer bee stings you!
* * * LOW HITPOINT WARNING * * *
You block the killer bee's attack.
Unknown command.
You closely miss the killer bee. Your headbutt misses the killer bee.
* * * LOW HITPOINT WARNING * * *
You feel sick. The killer bee stings you.
You die...

#........
#......#
#........
#.######
#........
#.#
#)#######
#.# #.# #.#
.# #### #.#
... #†#
...###.##.#
#....yy@.#
....##y####
. #. #. ..
##


You could see 3 killer bees.

Vanquished Creatures
  2 ogres (D:4)
  3 killer bees (D:5)
  2 orc priests (D:4)
  A hound (D:5)
  A centaur skeleton (D:5)
  A worker ant (D:4)
  Robin (D:4)
  10 gnolls
  4 adders
  2 oozes
  2 worms
  2 dart slugs (D:1)
  3 leopard geckos
  5 orcs
  11 bats
  6 giant cockroaches
  18 hobgoblins
  9 jackals
  9 kobolds
  2 quokkas
  A ball python (D:2)
  2 frilled lizards
  12 goblins
  A jackal skeleton (D:4)
  7 rats
117 creatures vanquished.

Notes
Turn   | Place    | Note
-------+----------+-------------------------------------------
     0 | D:1      | Peloso the Minotaur Fighter began the quest for the Orb.
     0 | D:1      | Reached XP level 1. HP: 19/19 MP: 0/0
   153 | D:1      | Reached XP level 2. HP: 18/27 MP: 1/1
   297 | D:1      | Reached skill level 4 in Shields
   717 | D:1      | Reached XP level 3. HP: 33/33 MP: 2/2
  1247 | D:2      | Gained mutation: Your flesh is cold resistant. (rC+)
                  | [potion of mutation]
  1247 | D:2      | Gained mutation: Your muscles are strong. (Str +2) [potion
                  | of mutation]
  1247 | D:2      | Gained mutation: Your spells are a little harder to cast,
                  | but a little more powerful. [potion of mutation]
  1533 | D:2      | Reached XP level 4. HP: 41/41 MP: 3/3
  1756 | D:3      | Found a shattered altar of Ashenzari.
  2008 | D:3      | Reached XP level 5. HP: 47/47 MP: 4/4
  2102 | D:4      | Reached skill level 5 in Armour
  2114 | D:4      | Found a staircase to the Ecumenical Temple.
  2158 | D:4      | Noticed an ogre
  2162 | D:4      | Killed an ogre
  2162 | D:4      | Reached skill level 5 in Shields
  2209 | Temple   | Entered the Ecumenical Temple
  2372 | Temple   | Became a worshipper of Warmaster Okawaru
  2433 | D:4      | Noticed an ogre
  2439 | D:4      | Killed an ogre
  2439 | D:4      | Reached skill level 5 in Long Blades
  2439 | D:4      | Reached XP level 6. HP: 53/53 MP: 5/5
  2622 | D:4      | Found a roughly hewn altar of Beogh.
  2630 | D:4      | Reached skill level 5 in Fighting
  3046 | D:4      | Noticed Robin
  3057 | D:4      | Reached skill level 6 in Shields
  3103 | D:4      | Killed Robin
  3103 | D:4      | Reached * piety under Okawaru
  3200 | D:5      | Entered Level 5 of the Dungeon
  3203 | D:5      | Reached XP level 7. HP: 51/61 MP: 6/6
  3432 | D:5      | HP: 3/61 [killer bee (7)]
  3433 | D:5      | Slain by a killer bee

Levels and vault maps discovered:
D:1:      minmay_arrival_nine_rooms, layout_basic, skrybe_limestone_x,
          minmay_misc_feat_square, minmay_misc_feat_alley
D:2:      cheibrodos_greedy_goblins, layout_basic
D:3:      layout_rooms, evilmike_ruin_ashenzari
D:4:      layout_cave_pods, temple_statues, kennysheep_orc_chapel, uniq_robin
D:5:      layout_loops_cross, overflow_temple_1_default, first_ration
Temple:   dpeg_five_rooms_temple

Skill      XL: |  1  2  3  4  5  6 |
---------------+-------------------+-----
Fighting       | 4 5 |  5.3
Shields        | 4 5 6 |  6.7
Long Blades    | 3 5 |  5.7
Armour         | 4 5 |  5.8
Dodging        | |  0.6

Action                   |  1- 3 |  4- 6 |  7- 9 || total
-------------------------+-------+-------+-------++-------
Melee: Long sword        |   128 |   155 |    60 ||   343
       Headbutt          |    17 |    33 |     8 ||    58
  Use: Potion            |     4 |       |     1 ||     5
  Eat: Chunk             |     2 |     6 |       ||     8
Armor: Plate armour      |   113 |   136 |    47 ||   296
       Scale mail        |     6 |       |       ||     6
Dodge: Dodged            |    29 |    50 |    14 ||    93
Block: Shield            |    98 |   140 |    46 ||   284
       Rpst.: Long sword |     9 |    18 |     5 ||    32
